 Dungeon Crawl Stone Soup version 0.21-a0-509-gecc5317 (webtiles) character file.

6621 slep the Cleaver (level 10, -2/74 HPs)
             Began as a Demonspawn Gladiator on Dec 1, 2017.
             Was a High Priest of Okawaru.
             Slain by a blink frog (5 damage)
             ... on level 1 of the Lair of Beasts.
             The game lasted 00:46:44 (8684 turns).

slep the Cleaver (Demonspawn Gladiator)             Turns: 8684, Time: 00:46:46

Health: -2/74      AC: 21    Str: 14 (15) XL:     10   Next: 72%
Magic:  10/10      EV: 10    Int: 10 (11) God:    Okawaru [*****.]
Gold:   677        SH: 14    Dex: 15 (16) Spells: 9/9 levels left

rFire    . . .     SeeInvis .   a - +0 war axe
rCold    . . .     Gourm    .   j - +0 large shield
rNeg     + . .     Faith    .   u - +0 ring mail
rPois    .         Spirit   .   N - +0 helmet
rElec    .         Reflect  .   n - +0 cloak
rCorr    .         Harm     .   P - +0 pair of gloves
MR       +....                  x - +1 pair of boots {run}
Stlth    ++........             (no amulet)
HPRegen  0.22/turn              d - +3 ring of slaying
MPRegen  0.12/turn              I - ring of positive energy

@: sanguine armour, quick
A: talons 1, demonic guardian 1, magic resistance 1, evolution 1, MP-powered
wands, sanguine armour 2
a: Heroism, Finesse, Renounce Religion


You were on level 1 of the Lair of Beasts.
You worshipped Okawaru.
Okawaru was extremely pleased with you.
You were not hungry.

You visited 3 branches of the dungeon, and saw 12 of its levels.
You also visited: Ossuary.

You collected 677 gold pieces.

Inventory:

Hand Weapons
 a - a +0 war axe (weapon)
Missiles
 y - 3 throwing nets (quivered)
Armour
 b - a +0 leather armour
 c - a +0 helmet
 i - a +0 chain mail
 j - a +0 large shield (worn)
 n - a +0 cloak (worn)
 u - a +0 ring mail (worn)
 x - a +1 pair of boots of running (worn)
 A - a +2 pair of boots
 N - a +0 helmet (worn)
 P - a +0 pair of gloves (worn)
Jewellery
 d - a +3 ring of slaying (left hand)
 I - a ring of positive energy (right hand)
Wands
 k - a wand of disintegration (9)
 F - a wand of iceblast (10)
 M - a wand of flame (23)
 O - a wand of acid (4)
Scrolls
 e - a scroll of fog {unknown}
 h - 13 scrolls of identify {unknown}
 o - 6 scrolls of remove curse {unknown}
 p - 3 scrolls of enchant weapon {unknown}
 t - 2 scrolls of teleportation {unknown}
 v - a scroll of magic mapping {unknown}
 w - 4 scrolls of amnesia {unknown}
 B - a scroll of blinking {unknown}
 D - a scroll of vulnerability {unknown}
 G - a scroll of immolation {unknown}
Potions
 m - 3 potions of haste
 s - 3 potions of might {unknown}
 z - 2 potions of curing
 C - 2 potions of flight
 E - a potion of agility
 H - a potion of magic
 K - 3 potions of degeneration
 L - a potion of resistance
Books
 q - a book of Changes

   Spells                             Type                      Level
   a - Beastly Appendage              Transmutation                1
   b - Sticks to Snakes               Transmutation                2
   c - Spider Form                    Transmutation/Poison         3
   d - Ice Form                       Ice/Transmutation            4
   e - Blade Hands                    Transmutation                5
 J - a book of Air

   Spells                             Type                      Level
   a - Shock                          Conjuration/Air              1
   b - Swiftness                      Charms/Air                   2
   c - Static Discharge               Conjuration/Air              3
   d - Airstrike                      Air                          4
   e - Lightning Bolt                 Conjuration/Air              5
Comestibles
 f - 5 bread rations
 g - 4 royal jellies
 l - 3 meat rations
 r - 26 fruits
 Q - 3 chunks of flesh


   Skills:
 + Level 5.5 Fighting
 + Level 9.7 Axes
 + Level 1.8 Throwing
 + Level 6.1 Armour
 + Level 5.9 Dodging
 + Level 2.8 Stealth
 + Level 6.2 Shields
 + Level 1.0 Evocations


You had 9 spell levels left.
You didn't know any spells.

Dungeon Overview and Level Annotations

Branches:
Dungeon (10/15)            Temple (1/1) D:4            Lair (1/6) D:10
    Orc: D:9-12

Altars:
Ashenzari
Cheibriados
Dithmenos
Elyvilon
Fedhas
Gozag
Hepliaklqana
Kikubaaqudgha
Makhleb
Nemelex Xobeh
Okawaru
Qazlal
Ru
Sif Muna
Trog
Uskayaw
Vehumet
Wu Jian
Xom
Yredelemnul
Zin
The Shining One

Shops:
D:7 =


Innate Abilities, Weirdness & Mutations

A weak demonic guardian rushes to your aid.
When seriously injured, your bleeding wounds create thick armour. (AC +9)
You have sharp toenails.
You are resistant to hostile enchantments. (MR+)
You evolve.
You expend magic power (3 MP) to strengthen your wands.


Message History

You block the wolf's attack. The blink frog barely misses you.
The wolf closely misses you. The wolf bites you but does no damage.
You hit the wolf but do no damage. You closely miss the blink frog. x2
You hit the wolf. x3; You block the wolf's attack. x2
The wolf bites you but does no damage. The blink frog closely misses you.
The blink frog hits you but does no damage.
You block the wolf's attack. x2; The wolf bites you.
* * * LOW HITPOINT WARNING * * *
The wolf bites you.
* * * LOW HITPOINT WARNING * * *
The blink frog closely misses you. You block the blink frog's attack.
A wolf comes into view.
It was a potion of degeneration.
There was something very wrong with that liquid.
You feel weakened.
You feel dopey.
You feel clumsy.
The wolf bites you but does no damage. x2; You block the wolf's attack.
The wolf bites you but does no damage.
The blink frog hits you but does no damage.
You block the wolf's attack. The blink frog hits you.
You die...

...## ...# ...... ...#
...... ...## ......
....##############......
........................
........................
...............Fhh....!.
................@h....h.
...............F.h......
........................
........................
#########.P##########.##
#### #


You could see 2 blink frogs and 5 wolves.

Vanquished Creatures
  A centaur warrior (D:9)
  The ghost of avis the Vandal, a novice CeAM (D:5)
  A komodo dragon (Lair:1)
  A troll (D:9)
  A slime creature (D:8)
  A hippogriff (D:7)
  A wyvern (D:8)
  2 hungry ghosts
  Edmund (D:4)
  2 water moccasins
  A black bear (D:8)
  An ogre (D:9)
  2 phantoms
  2 sky beasts
  The ghost of porpoise the Poker, an amateur DsGl (D:4)
  A centaur (D:8)
  3 crocodiles
  An elf zombie (Ossuary)
  2 big kobolds
  2 bullfrogs
  6 scorpions
  4 wights (D:6)
  A howler monkey (D:8)
  2 crimson imps (D:7)
  3 centaur zombies
  3 bullfrog zombies
  4 jellies
  2 human zombies (Ossuary)
  5 hounds
  2 orc priests
  Crazy Yiuf (D:5)
  A gnoll shaman (D:9)
  7 orc wizards
  3 centaur skeletons
  Natasha (thrice) (D:4)
  2 worker ants
  A big kobold zombie (Ossuary)
  A hound zombie (Ossuary)
  3 mummies (Ossuary)
  A howler monkey zombie (D:9)
  A worker ant zombie (D:9)
  8 gnolls
  5 adders
  A shadow imp (D:6)
  17 oozes
  4 adder zombies (Ossuary)
  An adder skeleton (D:9)
  A dart slug (D:1)
  8 leopard geckos
  23 orcs
  2 ball pythons
  3 giant cockroaches
  10 goblins
  3 hobgoblins
  13 jackals
  5 quokkas
  A ball python skeleton (D:5)
  8 bats
  4 frilled lizards
  A gnoll zombie (Ossuary)
  6 goblin zombies (Ossuary)
  3 hobgoblin zombies (Ossuary)
  4 jackal zombies (Ossuary)
  12 kobolds
  A kobold zombie (Ossuary)
  A leopard gecko skeleton (D:4)
  A leopard gecko zombie (D:7)
  3 orc zombies (Ossuary)
  4 quokka zombies (Ossuary)
  14 rats
  2 rat zombies (Ossuary)
253 creatures vanquished.

Vanquished Creatures (collateral kills)
  A komodo dragon (Lair:1)
  A blink frog (Lair:1)
  A hungry ghost (D:9)
  Duvessa (D:4)
  A water moccasin (Lair:1)
  A black bear (D:8)
  An ogre (D:4)
  A centaur (D:6)
  An elf zombie (Ossuary)
  Blork the orc (D:6)
  2 bullfrogs
  Dowan (D:4)
  A wight (D:6)
  2 crimson imps (D:5)
  A bullfrog skeleton (D:4)
  An orc priest (D:9)
  A worker ant (D:4)
  A hound zombie (Ossuary)
  2 adders
  An adder skeleton (D:4)
  A worm (D:4)
  2 orcs
  A jackal zombie (D:5)
27 creatures vanquished.

Vanquished Creatures (others)
  An orc wizard (D:8)
  7 fungi (D:8)
8 creatures vanquished.

Grand Total: 288 creatures vanquished

Notes
Turn   | Place    | Note
-------+----------+-------------------------------------------
     0 | D:1      | slep the Demonspawn Gladiator began the quest for the Orb.
     0 | D:1      | Reached XP level 1. HP: 16/16 MP: 1/1
    39 | D:1      | Reached skill level 3 in Axes
   127 | D:1      | Gained mutation: A weak demonic guardian rushes to your aid. [demonic ancestry]
   127 | D:1      | Reached XP level 2. HP: 18/22 MP: 2/2
   387 | D:1      | Reached XP level 3. HP: 25/27 MP: 3/3
  1233 | D:2      | Gained mutation: When seriously injured, your bleeding wounds create armour. (AC +9) [demonic ancestry]
  1233 | D:2      | Reached XP level 4. HP: 25/33 MP: 4/4
  1672 | D:4      | Identified a +1 pair of boots of running (You found it on level 4 of the Dungeon)
  1683 | D:4      | Found a staircase to the Ecumenical Temple.
  1685 | D:4      | Noticed porpoise's ghost (amateur DsGl)
  1692 | Temple   | Entered the Ecumenical Temple
  1799 | Temple   | Became a worshipper of Warmaster Okawaru
  1870 | D:4      | Killed porpoise's ghost
  1870 | D:4      | Reached skill level 4 in Axes
  1870 | D:4      | Reached skill level 1 in Armour
  1870 | D:4      | Reached skill level 1 in Shields
  1870 | D:4      | Reached XP level 5. HP: 18/39 MP: 5/5
  1945 | D:4      | Noticed an ogre
  1954 | D:4      | Killed an ogre
  2285 | D:4      | Noticed Duvessa
  2285 | D:4      | Noticed Dowan
  2291 | D:4      | Killed Dowan
  2291 | D:4      | Reached XP level 6. HP: 46/46 MP: 6/6
  2293 | D:4      | Reached * piety under Okawaru
  2305 | D:4      | Killed Duvessa
  2514 | D:4      | Noticed Edmund
  2537 | D:4      | Killed Edmund
  2537 | D:4      | Reached skill level 1 in Stealth
  2545 | D:4      | Reached XP level 7. HP: 9/51 MP: 7/7
  2709 | D:4      | Noticed Natasha
  2715 | D:4      | Killed Natasha
  2967 | D:4      | Reached ** piety under Okawaru
  2975 | D:4      | Reached skill level 5 in Axes
  3648 | D:4      | Noticed Natasha
  3660 | D:4      | Killed Natasha
  3767 | D:4      | Noticed Natasha
  3776 | D:4      | Killed Natasha
  3799 | D:5      | Entered Level 5 of the Dungeon
  3890 | D:5      | Reached XP level 8. HP: 34/58 MP: 8/8
  3929 | D:5      | Noticed avis's ghost (novice CeAM)
  3942 | D:5      | Gained mutation: You occasionally shout uncontrollably at your foes. [potion of mutation]
  3942 | D:5      | Gained mutation: You have a pair of small horns on your head. [potion of mutation]
  3953 | D:5      | Killed avis's ghost
  3953 | D:5      | Reached *** piety under Okawaru
  3963 | D:5      | Reached skill level 6 in Axes
  4065 | D:5      | Found a sacrificial altar of Ru.
  4307 | D:5      | Found a glowing golden altar of the Shining One.
  4451 | D:5      | Found a runed door.
  4857 | D:5      | Noticed Crazy Yiuf
  4868 | D:5      | Killed Crazy Yiuf
  4927 | D:6      | Reached skill level 5 in Armour
  5106 | D:6      | Reached **** piety under Okawaru
  5106 | D:6      | Reached XP level 9. HP: 42/65 MP: 9/9
  5109 | D:6      | Noticed Blork the orc
  5116 | D:6      | Killed Blork the orc
  5463 | D:7      | Found Baipiy's Jewellery Emporium.
  5672 | D:7      | Reached skill level 5 in Dodging
  5695 | D:7      | Found a burning altar of Makhleb.
  5720 | D:7      | Reached skill level 7 in Axes
  6297 | D:8      | Found a sand-covered staircase.
  6462 | D:8      | Reached skill level 1 in Evocations
  6541 | Ossuary  | Entered an ossuary
  6585 | Ossuary  | Reached ***** piety under Okawaru
  6867 | D:8      | Reached skill level 8 in Axes
  7112 | D:8      | Reached skill level 5 in Shields
  7201 | D:8      | Found a bloodstained altar of Trog.
  7239 | D:8      | Reached skill level 5 in Fighting
  7399 | D:8      | Gained mutation: When seriously injured, your bleeding wounds create thick armour. (AC +9) [demonic ancestry]
  7399 | D:8      | Reached XP level 10. HP: 54/74 MP: 10/10
  7425 | D:8      | Received a gift from Okawaru
  7841 | D:9      | Noticed a centaur warrior
  7851 | D:9      | Killed a centaur warrior
  7851 | D:9      | Reached skill level 9 in Axes
  8277 | D:10     | Entered Level 10 of the Dungeon
  8278 | D:10     | Lost mutation: You occasionally shout uncontrollably at your foes. [potion of mutation]
  8278 | D:10     | Lost mutation: You have a pair of small horns on your head. [potion of mutation]
  8278 | D:10     | Gained mutation: You are resistant to hostile enchantments. (MR+) [potion of mutation]
  8278 | D:10     | Gained mutation: You expend magic power (3 MP) to strengthen your wands. [potion of mutation]
  8278 | D:10     | Gained mutation: You have sharp toenails. [potion of mutation]
  8278 | D:10     | Gained mutation: You evolve. [potion of mutation]
  8306 | D:10     | Gained mutation: Your magical capacity is low. (-10% MP) [mutagenic meat]
  8405 | D:10     | Found a staircase to the Lair.
  8417 | Lair:1   | Entered Level 1 of the Lair of Beasts
  8566 | Lair:1   | HP: 1/74 [komodo dragon (11)]
  8647 | Lair:1   | Lost mutation: Your magical capacity is low. (-10% MP) [evolution]
  8683 | Lair:1   | HP: 3/74 [wolf (5)]
  8684 | Lair:1   | Slain by a blink frog

Vault maps used:
D:1:      eino_arrival_water_cross, minmay_misc_feat_enclosed
D:3:      serial_glass, glass_columns_a, glass_columns_b, first_bread
D:4:      minmay_opposing_rooms, minmay_temple_entry_glass, sigmund_army,
          uniq_natasha, uniq_duvessa, uniq_edmund
D:5:      basic_altar, gup_sewer_entry_spiral, nicolae_ru_awakened_eye,
          uniq_crazy_yiuf_cottage
D:6:      kennysheep_generic_room_16, uniq_blork_the_orc
D:7:      serial_shops, shop_statue, basic_altar
D:8:      lemuel_slime, trog_ov_bears_minmay, enter_ossuary_1
D:9:      blue_anna_alchemist
D:10:     lair_entry_dummy, orc_0_dummy, minmay_crystal_water, st_stairs_8
Temple:   kilobyte_greek_temple
Lair:1:   tgw_fedhas, serial_bayou_shore_a
Ossuary:  minmay_ossuary_two_tombs

Skill      XL: |  1  2  3  4  5  6  7  8  9 10 |
---------------+-------------------------------+-----
Axes           | 3 4 5 6 8 9 |  9.7
Dodging        | 3 4 5 |  5.9
Armour         | 1 2 4 5 6 |  6.1
Shields        | 1 2 4 5 6 |  6.2
Stealth        | 1 2 |  2.8
Fighting       | 3 5 |  5.5
Evocations     | 1 |  1.0
Throwing       | |  1.8

Action                   |  1- 3 |  4- 6 |  7- 9 | 10-12 || total
-------------------------+-------+-------+-------+-------++-------
Melee: War axe           |   136 |   118 |   569 |   156 ||   979
       Headbutt          |       |       |   100 |    23 ||   123
Throw: Throwing net      |       |     1 |     2 |       ||     3
Evoke: Wand              |       |       |    36 |       ||    36
  Use: Potion            |       |     4 |     6 |     3 ||    13
 Stab: Distracted        |       |     1 |     4 |     3 ||     8
       Held in net/web   |       |     1 |     1 |       ||     2
       Sleeping          |       |       |     1 |     1 ||     2
  Eat: Chunk             |     1 |     4 |    19 |     9 ||    33
       Fruit             |       |       |       |     1 ||     1
Armor: Leather armour    |    46 |    15 |       |       ||    61
       Ring mail         |       |    30 |   211 |    40 ||   281
       Skin              |       |       |    10 |       ||    10
Dodge: Dodged            |    62 |    47 |   165 |    44 ||   318
Block: Large shield      |    57 |    80 |   406 |   110 ||   653

Table legend:
 A = Spawn XP
 B = Non-spawn XP
 C = Spawn XP percentage of total XP
 D = Spawn monster count
 E = Non-spawn monster count
 F = Spawn count percentage of total count
 G = Total turns spent on level
                    A         B        C        D         E        F      G
               +---------+---------+-------+---------+---------+-------+---------
         Total |       0 |    9459 |   0.0 |       0 |     281 |   0.0 |  8684
               +---------+---------+-------+---------+---------+-------+---------
           D:1 |       0 |      46 |   0.0 |       0 |      28 |   0.0 |   643
           D:2 |       0 |      51 |   0.0 |       0 |      25 |   0.0 |   594
           D:3 |       0 |      18 |   0.0 |       0 |      10 |   0.0 |   409
           D:4 |       0 |    1078 |   0.0 |       0 |      37 |   0.0 |  1994
           D:5 |       0 |    1128 |   0.0 |       0 |      27 |   0.0 |  1093
           D:6 |       0 |     566 |   0.0 |       0 |      13 |   0.0 |   568
           D:7 |       0 |     765 |   0.0 |       0 |      23 |   0.0 |   837
           D:8 |       0 |    1735 |   0.0 |       0 |      43 |   0.0 |  1119
           D:9 |       0 |    2078 |   0.0 |       0 |      24 |   0.0 |   597
          D:10 |       0 |     390 |   0.0 |       0 |       5 |   0.0 |   140
        Lair:1 |       0 |    1104 |   0.0 |       0 |       6 |   0.0 |   267
       Ossuary |       0 |     500 |   0.0 |       0 |      40 |   0.0 |   264
               +---------+---------+-------+---------+---------+-------+---------
